 Dungeon Crawl Stone Soup version 0.23.0 (webtiles) character file.

Game seed: 17485300475122793912

81 theswoord the Chopper (level 4, 0/35 HPs)
             Began as a Demonspawn Abyssal Knight on Feb 8, 2019.
             Was a Follower of Lugonu.
             Slain by a worm (9 damage)
             ... on level 2 of the Dungeon.
             The game lasted 00:05:13 (1686 turns).

theswoord the Chopper (Demonspawn Abyssal Knight)   Turns: 1686, Time: 00:05:13

Health: 0/35       AC:  3    Str: 13    XL:     4   Next: 19%
Magic:  5/5        EV: 11    Int: 13    God:    Lugonu [*.....]
Gold:   86         SH:  0    Dex: 13    Spells: 3/3 levels left

rFire    . . .     SeeInvis .   a - +1 hand axe
rCold    . . .     Gourm    .   (no shield)
rNeg     . . .     Faith    .   b - +0 leather armour
rPois    .         Spirit   .   (helmet restricted)
rElec    .         Reflect  .   (no cloak)
rCorr    .         Harm     .   (no gloves)
MR       .....                  (no boots)
Stlth    ++........             (no amulet)
HPRegen  0.11/turn              h - ring of stealth
MPRegen  0.09/turn              (no ring)

@: no status effects
A: horns 1, talons 1, powered by pain 1
a: Depart the Abyss, Renounce Religion


You were on level 2 of the Dungeon.
You worshipped Lugonu.
Lugonu was aware of your devotion.
You were hungry.

You visited 1 branch of the dungeon, and saw 2 of its levels.
You visited the Abyss 1 time.

You collected 86 gold pieces.

Inventory:

Hand Weapons
 a - a +1 hand axe (weapon)
Armour
 b - a +0 leather armour (worn)
Jewellery
 h - a ring of stealth (left hand)
Scrolls
 e - 2 scrolls of remove curse
 f - a scroll of enchant weapon {unknown}
 i - a scroll of teleportation
 j - a scroll of identify
Comestibles
 c - 5 rations
 d - 5 chunks of flesh


   Skills:
 - Level 3.0 Fighting
 + Level 4.1 Axes
 - Level 1.7 Armour
 - Level 0.8 Dodging
 - Level 2.4 Invocations


You had 3 spell levels left.
You didn't know any spells.
Your spell library was empty.

Dungeon Overview and Level Annotations

Branches:
Dungeon (2/15)

Altars:


Innate Abilities, Weirdness & Mutations

You have a pair of small horns on your head.
You have sharp toenails.
You sometimes gain a little power by taking damage.


Message History

The adder bites you.
* * * LOW HITPOINT WARNING * * *
The adder bites you.
* * * LOW HITPOINT WARNING * * *
You hit the adder.
You kill the adder!
Lugonu accepts your kill.
Unknown command.
You are feeling hungry.
You see here 12 gold pieces.
There is a stone staircase leading up here.
You see here a +0 club.
You see here a +0 club.
You see here a goblin skeleton.
A bat comes into view.
A worm is nearby!
You hit the worm. You claw the worm. You headbutt the worm.
The worm closely misses you.
You barely miss the worm. The worm bites you!
You die...

................
.....b..........
...#........####
.#.............#
....#..........###
##...............#
.........##..##.##
......##.##.###..#
....#.##....# ##@#
...##.....#.####w##
............).)รท..#
..#######.<...#####
### ####...###
#.#...###### #
#..........# #
#..........# ###
#..........#


You could see a worm.

Vanquished Creatures
  3 adders (D:2)
  2 worms (D:2)
  2 dart slugs (D:1)
  2 leopard geckos (D:1)
  7 bats
  A giant cockroach (D:2)
  7 goblins
  5 hobgoblins
  8 kobolds
  A ball python (D:1)
  A frilled lizard (D:1)
  6 rats (D:1)
45 creatures vanquished.

Notes
Turn   | Place    | Note
-------+----------+-------------------------------------------
     0 | Abyss:1  | theswoord the Demonspawn Abyssal Knight began the quest for
                  | the Orb.
     0 | Abyss:1  | Reached XP level 1. HP: 18/18 MP: 2/2
   140 | D:1      | Escaped the Abyss
   297 | D:1      | Reached skill level 2 in Axes
   364 | D:1      | Reached * piety under Lugonu
   376 | D:1      | Gained mutation: You have sharp toenails. [demonic
                  | ancestry]
   376 | D:1      | Reached XP level 2. HP: 21/24 MP: 3/3
   633 | D:1      | Reached skill level 3 in Axes
   937 | D:1      | Gained mutation: You sometimes gain a little power by
                  | taking damage. [demonic ancestry]
   937 | D:1      | Reached XP level 3. HP: 22/29 MP: 4/4
  1151 | D:2      | Noticed a phantom
  1627 | D:2      | Reached skill level 4 in Axes
  1627 | D:2      | Gained mutation: You have a pair of small horns on your
                  | head. [demonic ancestry]
  1627 | D:2      | Reached XP level 4. HP: 10/35 MP: 5/5
  1686 | D:2      | Slain by a worm

Skill      XL: |  1  2  3 |
---------------+----------+-----
Axes           | 2 3 4 |  4.1
Fighting       | |  3.0
Armour         | |  1.7
Dodging        | |  0.8
Invocations    | |  2.4

Action                   |  1- 3 |  4- 6 || total
-------------------------+-------+-------++-------
Melee: Hand axe          |   127 |     9 ||   136
       Kick              |    15 |     1 ||    16
       Headbutt          |       |     2 ||     2
Invok: Depart the Abyss  |     1 |       ||     1
  Use: Scroll            |     4 |       ||     4
       Potion            |     2 |       ||     2
 Stab: Sleeping          |     1 |       ||     1
  Eat: Chunk             |     2 |       ||     2
Armor: Leather armour    |    39 |     2 ||    41
Dodge: Dodged            |    80 |     3 ||    83

Levels and vault maps discovered:
D:1:      arrival_zaba_pyramid, layout_basic
D:2:      layout_rooms
Abyss:1
